 Dungeon Crawl Stone Soup version 0.19.1-1-g22dce08 (webtiles) character file.

193 M4edhros the Insei (level 5, -3/31 HPs)
             Began as an Octopode Necromancer on Jan 3, 2017.
             Killed by nerve-wracking pain
             ... invoked by M4edhros's ghost
              (9 damage)
             ... on level 3 of the Dungeon.
             The game lasted 00:04:17 (901 turns).

M4edhros the Insei (Octopode Necromancer)            Turns: 901, Time: 00:04:18

Health: -3/31      AC:  1    Str: 12    XL:     5   Next: 72%
Magic:  3/8        EV: 13    Int: 18    God:
Gold:   64         SH:  0    Dex: 13    Spells: 3 memorised, 3 levels left

rFire  . . .     SeeInvis .       - Unarmed
rCold  . . .     Gourm    .     (no shield)
rNeg   . . .     Faith    .     (helmet restricted)
rPois  .         Spirit   .     (no amulet)
rElec  .         Reflect  .     (no ring)
rCorr  .         Harm     .     (no ring)
MR     .....                    (no ring)
Stlth  +++.......               (no ring)
                                (no ring)
                                (no ring)
                                (no ring)
                                (no ring)

@: mighty, flying
A: almost no armour, stealthy swim, amphibious, 8 rings, constrict 8, camouflage
1, gelatinous body 1
a: no special abilities


You were on level 3 of the Dungeon.
You were hungry.

You visited 1 branch of the dungeon, and saw 4 of its levels.

You collected 64 gold pieces.

Inventory:

Scrolls
 c - 4 scrolls of teleportation {unknown}
 d - 2 scrolls of fear {unknown}
 f - a scroll of identify {unknown}
 h - a scroll of blinking {unknown}
 k - a scroll of recharging {unknown}
 l - a scroll of enchant armour {unknown}
Potions
 e - a potion of haste {unknown}
 i - a potion of invisibility {unknown}
 j - a potion of flight
Books
 a - a book of Necromancy

   Spells                             Type                      Level
   a - Pain                           Necromancy                   1
   b - Animate Skeleton               Necromancy                   1
   c - Vampiric Draining              Necromancy                   3
   d - Regeneration                   Charms/Necromancy            3
   e - Animate Dead                   Necromancy                   4
   f - Control Undead                 Necromancy                   4
Comestibles
 b - 4 bread rations
 g - a meat ration


   Skills:
 - Level 2.0 Dodging
 - Level 2.6 Stealth
 + Level 5.2 Unarmed Combat
 - Level 2.0 Spellcasting
 - Level 4.0 Necromancy


You had 3 spell levels left.
You knew the following spells:

 Your Spells              Type           Power        Failure   Level  Hunger
a - Pain                  Necr           ###.         3%          1    #......
b - Animate Skeleton      Necr           N/A          3%          1    #......
c - Regeneration          Chrm/Necr      #.........   24%         3    ###....


Dungeon Overview and Level Annotations

Branches:
Dungeon (4/15)
 Temple: D:4-7

Altars:
Fedhas

Annotations:
D:3 M4edhros's ghost, amateur OpNe


Innate Abilities, Weirdness & Mutations

You cannot wear most types of armour.
You are very stealthy in the water. (Stealth+)
You are amphibious.
You can wear up to eight rings at the same time.
You can use your tentacles to constrict eight enemies at once.
Your skin changes colour to match your surroundings (Stealth+).
Your rubbery body absorbs attacks. (AC +1, EV +1)


Message History

M4edhros's ghost is severely damaged.
You constrict the leopard gecko.
You kill the leopard gecko!
M4edhros's ghost hits you.
You closely miss M4edhros's ghost. Your squeeze misses M4edhros's ghost.
M4edhros's ghost is severely damaged.
M4edhros's ghost hits you!
You tentacle-slap M4edhros's ghost.
M4edhros's ghost is severely damaged.
M4edhros's ghost casts a spell at you. Pain shoots through your body!
* * * LOW HITPOINT WARNING * * *
Unknown command.
Okay, then.
It was a potion of flight.
You feel very buoyant.
You fly up into the air.
M4edhros's ghost casts a spell at you. Pain shoots through your body!
You die...

#......#...# ###
##..#.#...##...#
##...#....###.###
#####........>...W# #
...........##..##... #
###................
##<......g.###........
#......W.......#....##
...#.†@..#########.#
........>....... ...
#.##.#....###### .#
#.....### #..(..#
.....##. ...## . ... #
..


You could see M4edhros's ghost and a hobgoblin.

Vanquished Creatures
  An ice beast (D:4)
  An orc wizard (D:2)
  4 adders
  A dart slug (D:2)
  A leopard gecko (D:3)
  2 orcs
  2 giant cockroaches (D:1)
  5 goblins
  3 hobgoblins (D:1)
  4 jackals (D:1)
  4 bats (D:1)
  3 frilled lizards
  3 kobolds (D:2)
  2 rats
36 creatures vanquished.

Notes
Turn   | Place    | Note
-------+----------+-------------------------------------------
     0 | D:1      | M4edhros the Octopode Necromancer began the quest for the Orb.
     0 | D:1      | Reached XP level 1. HP: 11/11 MP: 3/3
   135 | D:1      | Reached skill level 1 in Unarmed Combat
   194 | D:1      | Reached XP level 2. HP: 8/17 MP: 1/5
   256 | D:1      | Reached skill level 2 in Unarmed Combat
   570 | D:2      | Reached XP level 3. HP: 19/21 MP: 6/6
   750 | D:2      | Reached skill level 3 in Unarmed Combat
   777 | D:2      | Reached XP level 4. HP: 14/27 MP: 7/7
   784 | D:2      | Learned a level 3 spell: Regeneration
   797 | D:3      | Reached skill level 4 in Unarmed Combat
   805 | D:3      | Found a blossoming altar of Fedhas.
   850 | D:3      | Learned a level 1 spell: Animate Skeleton
   852 | D:3      | Noticed M4edhros's ghost (amateur OpNe)
   872 | D:4      | Noticed an ice beast
   884 | D:4      | Killed an ice beast
   884 | D:4      | Reached skill level 5 in Unarmed Combat
   884 | D:4      | Reached XP level 5. HP: 30/31 MP: 4/8
   901 | D:3      | Killed from afar by M4edhros's ghost

Skill      XL: |  1  2  3  4 |
---------------+-------------+-----
Unarmed Combat | 1 2 3 5 |  5.2
Dodging        | |  2.0
Stealth        | |  2.6
Spellcasting   | |  2.0
Necromancy     | |  4.0

Action                   |  1- 3 |  4- 6 || total
-------------------------+-------+-------++-------
Melee: Unarmed           |    61 |    28 ||    89
       Constrict         |    18 |     5 ||    23
       Tentacles         |    14 |     1 ||    15
       Punch             |     1 |       ||     1
 Cast: Pain              |     7 |       ||     7
       Regeneration      |       |     5 ||     5
  Use: Potion            |     3 |     2 ||     5
 Stab: Sleeping          |     4 |     1 ||     5
Armor: Skin              |     5 |     2 ||     7
Dodge: Dodged            |    38 |    27 ||    65
